 Dungeon Crawl Stone Soup version 0.32-a0-779-g362cfcae2a (webtiles) character file.

Game seed: 14088446502595738247

2791740 cjoo the Pulveriser (level 27, 144/219 (230) HPs)
             Began as a Gnoll Summoner on Mar 18, 2024.
             Was a High Priest of Ashenzari.
             Escaped with the Orb
             ... and 5 runes on Mar 19, 2024!
             The game lasted 09:41:04 (82009 turns).

cjoo the Pulveriser (Gnoll Summoner)               Turns: 82009, Time: 09:41:04

HP:   144/219 (230) AC: 27    Str: 13    XL:     27
MP:   39/49         EV: 24    Int: 26    God:    Ashenzari [*****.]
Gold: 1624          SH: 15    Dex: 12    Spells: 5/70 levels left

rFire   + + .        b - +3 Elemental Staff {ele, rElec rF+ rC+ AC+3}
rCold   + + +        G - +0 kite shield "Tethered With Me" {reflect, Fort, Self} (curse)
rNeg    . . .        n - +5 leather armour of the Chained Sphere {^Drain rPois Str+2 Slay+5, Comp, Fort} (curse)
rPois   +            k - +0 mask of the Dragon {Will+ Slay+3 SInv, Self, Elem} (curse)
rElec   +            i - +2 cloak of Ashenzari's Absolutism {Cun, Comp} (curse)
rCorr   .            I - +3 pair of gauntlets of War {Slay+5, Dev, Bglg} (curse)
SInv    +            K - +3 pair of mountain boots {steadfast, rC+, Sorc, Comp} (curse)
Will    ++++.        f - amulet of the Stellar Fetters {^Drain rElec rF+ Will+ Regen+, Bglg, Elem} (curse)
Stlth   +++          R - ring of Ouranomancy {EV+5, Comp, Elem} (curse)
HPRegen 1.36/turn    z - ring of flight
MPRegen 0.31/turn

%: reflection, clarity
@: flying, studying Staves, lightly drained
A: fangs 1, strong nose, distributed training, hooves 1, berserk 1, cold
resistance 1
0: Orb of Zot
}: 5/15 runes: decaying, serpentine, slimy, silver, abyssal
a: Renounce Religion, Curse Item, Shatter the Chains


You escaped.
You worshipped Ashenzari.
Ashenzari was extremely pleased with you.
You visited 11 branches of the dungeon, and saw 55 of its levels.
You visited the Abyss 2 times.
You also visited: Gauntlet and Wizlab.

You collected 7383 gold pieces.
You spent 5759 gold pieces at shops.

Inventory:

Hand Weapons
 a - a +9 demon whip of freezing
 b - the +3 Elemental Staff (weapon) {ele, rElec rF+ rC+ AC+3}
   (You found it on level 5 of the Pits of Slime)

   AC+3:      It affects your AC (+3).
   rF+:       It protects you from fire.
   rC+:       It protects you from cold.
   rElec:     It insulates you from electricity.
 c - a +9 eveningstar of flaming
Missiles
 s - 5 throwing nets
 D - 8 silver javelins (quivered)
 O - 15 curare-tipped darts
Armour
 i - the cursed +2 cloak of Ashenzari's Absolutism (worn) {Cun, Comp}
   (You found it on level 5 of the Pits of Slime)

   It has a curse which improves the following skills: Cunning: Dodging and
   Stealth.
   Companions: Summonings and Necromancy.
 k - the cursed +0 mask of the Dragon (worn) {Will+ Slay+3 SInv, Self, Elem}
   (You bought it in a shop on level 1 of the Orcish Mines)

   Slay+3:    It affects your accuracy & damage with ranged weapons and melee
   (+3).
   Will+:     It increases your willpower.
   SInv:      It lets you see invisible.
   It has a curse which improves the following skills: Introspection: Fighting
   and Spellcasting.
   Elements:  Fire Magic, Ice Magic, Air Magic and Earth Magic.
 n - the cursed +5 leather armour of the Chained Sphere (worn) {^Drain rPois Str+2 Slay+5, Comp, Fort}
   (You found it on level 3 of the Swamp)

   Str+2:     It affects your strength (+2).
   Slay+5:    It affects your accuracy & damage with ranged weapons and melee
   (+5).
   rPois:     It protects you from poison.
   ^Drain:    It drains your maximum health when unequipped.
   It has a curse which improves the following skills: Companions: Summonings
   and Necromancy.
   Fortitude: Armour and Shields.
 G - the cursed +0 kite shield "Tethered With Me" (worn) {reflect, Fort, Self}
   (You took it off Donald on level 2 of the Orcish Mines)

   It has a curse which improves the following skills: Fortitude: Armour and
   Shields.
   Introspection: Fighting and Spellcasting.
 I - the cursed +3 pair of gauntlets of War (worn) {Slay+5, Dev, Bglg}
   (You found it on level 3 of the Swamp)

   Slay+5:    It affects your accuracy & damage with ranged weapons and melee
   (+5).
   It has a curse which improves the following skills: Devices: Evocations and
   Shapeshifting.
   Beguiling: Hexes and Translocations.
 K - the cursed +3 pair of mountain boots (worn) {steadfast, rC+, Sorc, Comp}
   (You bought it in a shop on level 2 of the Snake Pit)

   Steadfast: It prevents involuntary movement, except for blinking,
   teleportation, or banishment.
   rC+:       It protects you from cold.
   It has a curse which improves the following skills: Sorcery: Conjurations and
   Alchemy.
   Companions: Summonings and Necromancy.
Jewellery
 f - the cursed amulet of the Stellar Fetters (around neck) {^Drain rElec rF+ Will+ Regen+, Bglg, Elem}
   (You took it off a deep elf blademaster on level 3 of the Elven Halls)

   [amulet of regeneration]

   rF+:       It protects you from fire.
   rElec:     It insulates you from electricity.
   Will+:     It increases your willpower.
   Regen+:    It increases your rate of health regeneration.
   ^Drain:    It drains your maximum health when unequipped.
   It has a curse which improves the following skills: Beguiling: Hexes and
   Translocations.
   Elements:  Fire Magic, Ice Magic, Air Magic and Earth Magic.
 l - a +4 ring of protection
 p - a ring of protection from fire
 y - a ring of willpower
 z - a ring of flight (right hand)
 M - a ring of wizardry
 R - the cursed ring of Ouranomancy (left hand) {EV+5, Comp, Elem}
   (You found it on level 11 of the Dungeon)

   [ring of evasion]

   EV+5:      It affects your evasion (+5).
   It has a curse which improves the following skills: Companions: Summonings
   and Necromancy.
   Elements:  Fire Magic, Ice Magic, Air Magic and Earth Magic.
 T - the ring of the Sky {rCorr MP+9 Int+3}
   (You took it off a deep elf elementalist on level 3 of the Elven Halls)

   [ring of resist corrosion]

   Int+3:     It affects your intelligence (+3).
   MP+9:      It affects your magic capacity (+9).
   rCorr:     It protects you from acid and corrosion.
 W - a ring of positive energy
Wands
 o - a wand of quicksilver (37)
 B - a wand of mindburst (110)
 L - a wand of digging (31)
 N - a wand of polymorph (24)
 U - a wand of roots (22)
Scrolls
 d - 6 scrolls of revelation
 h - 8 scrolls of fear
 m - 13 scrolls of teleportation
 x - 9 scrolls of vulnerability
 C - 4 scrolls of silence
 J - a scroll of blinking
 P - 5 scrolls of amnesia
 Q - a scroll of enchant armour
 S - a scroll of butterflies
 V - 9 scrolls of immolation
Potions
 e - 13 potions of curing
 g - 5 potions of magic
 j - 3 potions of haste
 q - 4 potions of might
 r - a potion of ambrosia
 t - a potion of enlightenment
 u - 4 potions of heal wounds
 v - 5 potions of cancellation
 E - 3 potions of mutation
 F - 4 potions of invisibility
 H - 2 potions of resistance
 X - 4 potions of berserk rage
 Y - 8 potions of brilliance
Miscellaneous
 w - a lightning rod (4/4)
 A - a phantom mirror


   Skills:
 + Level 18.8(21.7) Fighting
 + Level 18.8 Short Blades
 + Level 18.8 Long Blades
 + Level 18.8 Axes
 + Level 18.8 Maces & Flails
 + Level 18.8 Polearms
 + Level 21.4 Staves
 + Level 18.8 Ranged Weapons
 + Level 18.8 Throwing
 + Level 18.8(21.7) Armour
 + Level 19.3(21.2) Dodging
 + Level 19.2(21.1) Stealth
 + Level 18.8(21.7) Shields
 + Level 18.8 Unarmed Combat
 + Level 19.4(22.2) Spellcasting
 + Level 16.0(18.1) Conjurations
 + Level 16.0(19.1) Hexes
 + Level 17.4(22.2) Summonings
 + Level 16.0(20.9) Necromancy
 + Level 16.0(19.1) Translocations
 + Level 16.0(20.1) Fire Magic
 + Level 16.0(20.1) Ice Magic
 + Level 16.0(20.1) Air Magic
 + Level 16.0(20.1) Earth Magic
 + Level 16.0(18.1) Alchemy
 + Level 20.3 Invocations
 + Level 18.8(20.7) Evocations
 + Level 17.4(19.3) Shapeshifting


You had 5 spell levels left.
You knew the following spells:

 Your Spells              Type           Power      Damage    Failure   Level
a - Summon Small Mammal   Summ           100%       N/A       0%          1
b - Dispersal             Tloc           45%        N/A       1%          6
c - Spellforged Servitor  Conj/Summ      46%        N/A       1%          7
d - Bombard               Conj/Erth      56%        9d9       1%          6
e - Summon Lightning Spi  Summ/Air       100%       N/A       0%          4
f - Malign Gateway        Summ/Tloc      47%        N/A       1%          7
g - Apportation           Tloc           100%       N/A       0%          1
h - Swiftness             Air            100%       N/A       0%          3
i - Plasma Beam           Fire/Air       70%        2x1d87    1%          6
j - Haunt                 Necr/Summ      48%        N/A       1%          7
k - Dispel Undead         Necr           95%        3d30      0%          4
l - Freezing Cloud        Conj/Ice/Air   69%        6-21      1%          5
m - Iskenderun's Mystic   Conj/Tloc      90%        2d18      0%          4
n - Blink                 Tloc           100%       N/A       0%          2
o - Lesser Beckoning      Tloc           100%       N/A       0%          2

Your spell library contained the following spells:

 Spells                   Type           Power      Damage    Failure   Level
 Foxfire                  Conj/Fire      100%       2x1d9     0%          1
 Freeze                   Ice            100%       1d10      0%          1
 Kiss of Death            Conj/Necr      100%       2d13      0%          1
 Magic Dart               Conj           100%       1d8       0%          1
 Shock                    Conj/Air       100%       1d9       0%          1
 Slow                     Hex            100%       N/A       0%          1
 Call Imp                 Summ           100%       N/A       0%          2
 Cigotuvi's Dreadful Rot  Necr/Alch/Air  100%       N/A       0%          2
 Ensorcelled Hibernation  Hex/Ice        100%       N/A       0%          2
 Jinxbite                 Hex            100%       N/A       0%          2
 Mercury Vapours          Alch/Air       100%       N/A       0%          2
 Momentum Strike          Conj/Tloc      100%       3d10      0%          2
 Scorch                   Fire           100%       2d9       0%          2
 Searing Ray              Conj           100%       2d8       0%          2
 Static Discharge         Conj/Air       100%       3-8/arc   0%          2
 Call Canine Familiar     Summ           98%        N/A       0%          3
 Confusing Touch          Hex            91%        N/A       0%          3
 Dazzling Flash           Conj/Hex       100%       N/A       0%          3
 Frozen Ramparts          Ice            100%       1d16      0%          3
 Fugue of the Fallen      Necr           95%        N/A       0%          3
 Hailstorm                Conj/Ice       100%       3d16      0%          3
 Inner Flame              Hex/Fire       100%       N/A       0%          3
 Mephitic Cloud           Conj/Alch/Air  100%       N/A       0%          3
 Sigil of Binding         Hex            91%        N/A       0%          3
 Summon Ice Beast         Ice/Summ       100%       N/A       0%          3
 Tukima's Dance           Hex            91%        N/A       0%          3
 Vampiric Draining        Necr           95%        2d12      0%          3
 Volatile Blastmotes      Fire/Tloc      100%       2d18      0%          3
 Airstrike                Air            58%        2d(9-25)  0%          4
 Anguish                  Hex/Necr       46%        N/A       0%          4
 Animate Armour           Summ/Erth      100%       N/A       0%          4
 Animate Dead             Necr           95%        N/A       0%          4
 Brom's Barrelling Bould  Conj/Erth      100%       2d11      0%          4
 Cause Fear               Hex            45%        N/A       0%          4
 Dimensional Bullseye     Hex/Tloc       45%        N/A       0%          4
 Fulminant Prism          Conj/Alch      44%        3d19      0%          4
 Leda's Liquefaction      Alch/Erth      56%        N/A       0%          4
 Manifold Assault         Tloc           91%        N/A       0%          4
 Martyr's Knell           Necr/Summ      96%        N/A       0%          4
 Passage of Golubria      Tloc           91%        N/A       0%          4
 Summon Blazeheart Golem  Fire/Summ      100%       N/A       0%          4
 Borgnjor's Vile Clutch   Necr/Erth      58%        N/A       0%          5
 Lee's Rapid Deconstruct  Erth           58%        3d27*     0%          5
 Metabolic Englaciation   Hex/Ice        57%        N/A       0%          5
 Silence                  Hex/Air        57%        N/A       0%          5
 Summon Mana Viper        Hex/Summ       94%        N/A       0%          5
 Alistair's Intoxication  Alch           59%        N/A       1%          5
 Arcjolt                  Conj/Air       56%        1d66      1%          5
 Fireball                 Conj/Fire      56%        3d22      1%          5
 Iskenderun's Battlesphe  Conj           89%        2d14      1%          5
 Yara's Violent Unravell  Hex/Alch       45%        3d18      1%          5
 Conjure Ball Lightning   Conj/Air       56%        3x3d20    1%          6
 Eringya's Noxious Bog    Alch           44%        4d6       1%          6
 Permafrost Eruption      Ice/Erth       70%        2x4d19    1%          6
 Sculpt Simulacrum        Ice/Alch       56%        N/A       1%          6
 Starburst                Conj/Fire      56%        6d15      1%          6
 Enfeeble                 Hex            45%        N/A       1%          7
 Monstrous Menagerie      Summ           49%        N/A       1%          7
 Orb of Destruction       Conj           44%        9d12      1%          7
 Summon Horrible Things   Summ           49%        N/A       1%          8
 Borgnjor's Revivificati  Necr           47%        N/A       2%          8
 Infestation              Necr           47%        N/A       2%          8
 Ignition                 Fire           58%        3d16      3%          8
 Disjunction              Tloc           45%        N/A       4%          8
 Death's Door             Necr           47%        N/A       34%         9
 Polar Vortex             Ice            58%        12d7*     45%         9
 Shatter                  Erth           58%        3d43*     45%         9
 Chain Lightning          Conj/Air       56%        3d75      58%         9
 Fire Storm               Conj/Fire      56%        8d14      58%         9


Dungeon Overview and Level Annotations

Branches:
Dungeon (15/15)            Temple (0/1) D:5            Lair (5/5) D:8
  Swamp (4/4) Lair:2        Snake (4/4) Lair:2        Slime (5/5) Lair:5
    Orc (2/2) D:10            Elf (3/3) Orc:2        Vaults (5/5) D:13
  Crypt (3/3) Vaults:2       Tomb (0/3) Crypt:3      Depths (4/4) D:15
    Zot (5/5) Depths:4     WizLab (visited)         Gauntlet (visited)

Altars:
Ashenzari
Cheibriados
Elyvilon
Fedhas
Kikubaaqudgha
Nemelex Xobeh
Okawaru
Sif Muna
Vehumet
Wu Jian
Yredelemnul
Beogh
Jiyva
Lugonu

Shops:
D:10 !   D:13 *   Orc:1 [   Orc:2 ([(:*   Elf:1 *   Elf:2 :=:   Snake:2 [
Vaults:1 (*![   Vaults:3 [

Portals:
Hell: Depths:1 Depths:2 Depths:3 Depths:4
Abyss: Depths:3 Depths:4
Pandemonium: Depths:2 Depths:3
Ziggurat: Depths:3
Trove: Elf:2 (give horn of Geryon)

Annotations:
Swamp:3 1 transporter, exclusion: orange crystal statue
Elf:2 3 runed translucent doors, exclusion: 3 doors
Zot:2 3 runed translucent doors, Uxisash's ghost, veteran DrIE


Innate Abilities, Weirdness & Mutations

You have very sharp teeth.
Your uncanny sense of smell can sniff out nearby items.
Your experience applies equally to all skills.
You have large cloven feet.
You sometimes lose your temper in combat.
Your flesh is cold resistant. (rC+)


Message History

Confirm with . or Enter, or press ? or * to list all spells.
You summon a servant imbued with your destructive magic!
Casting: Spellforged Servitor (mildly dangerous; 1% risk of failure)
Confirm with . or Enter, or press ? or * to list all spells.
Aiming: Haunt (mildly dangerous; 1% risk of failure)
Press: ? - help, Dir - move target, f - hellephant
Aim: a hellephant (ally target) Insubstantial figures form in the air.
Unknown command.
The hellephant blinks!
Your wraith hits the hellephant but does no damage.
The hellephant tramples your wraith.
Your wraith is shoved backwards!
Your spellforged servitor gestures at the hellephant while chanting.
The iron shot hits the hellephant!!!
Your spellforged servitor is knocked back by the blast.
Your wraith hits the hellephant!
Your wraith drains the hellephant's vigour!
The hellephant seems to slow down.
The hellephant breathes flames at you. The blast of flame hits you!!
You resist.
Your wraith hits the hellephant but does no damage. x2
Your phantasmal warrior gestures at the hellephant.
Your phantasmal warrior blinks!
Your wraith hits the hellephant.
Your wraith hits the hellephant but does no damage.
Your spellforged servitor casts a spell at the hellephant.
The iron shot hits the hellephant!!
Your spellforged servitor is knocked back by the blast.
Your wraith misses the hellephant.
Your phantasmal warrior gestures at the hellephant.
Your phantasmal warrior blinks!
Your extra speed is starting to run out.
Aiming: Dig
Press: ? - help, Shift-Dir - straight line A rock wall.
This square is covered in magical glow.
The rock shatters into small pieces.
There is a staircase leading out of the dungeon here.
You feel yourself slow down.
You have escaped!

####### #....# ##...[.###
#....# ######........###....#
.....#.........##....#
..#..###..†##..##....# .....#
#######.÷#....# .W...#####
##'#'##.# .W>......# #....#.#
.....[...# ##.@..#.#
.........#####.##.##.#
..............###....#
.#.......#....#####..#########
###.........#...# #..........#
####........###.# #..........#
.####.#..#..# #.###..........#
......[.##..###..............#
.#####.###...................#


There were no monsters in sight!

Vanquished Creatures
  2 dread liches (Zot:5)
  An ancient lich (Zot:5)
  An orb of fire (Zot:5)
  A Killer Klown (Zot:5)
  2 caustic shrikes (Depths:4)
  A curse toe (Zot:4)
  Jory (Vaults:3)
  2 golden dragons
  A bone dragon (Crypt:3)
  3 electric golems
  17 Orb Guardians
  A Hell Sentinel (Zot:4)
  5 tentacled monstrosities
  2 liches
  2 deep elf master archers (Elf:3)
  2 quicksilver dragons
  2 acid blobs (Slime:5)
  A sphinx (Depths:2)
  A deep elf blademaster (Elf:3)
  6 death cobs
  Frances (D:14)
  5 tentacled starspawn
  2 tengu reavers
  A shadow dragon (Zot:1)
  4 nagarajas
  A thorn hunter (Swamp:4)
  Donald (Orc:2)
  3 storm dragons
  5 azure jellies
  2 revenants
  2 rockslimes (Slime:5)
  2 draconian monks
  8 vault wardens
  2 frost giants
  4 fire giants
  4 draconian knights
  4 deep elf sorcerers (Elf:3)
  A ghost moth (Zot:4)
  2 draconian shifters
  3 curse skulls
  4 draconian scorchers
  5 deep elf elementalists (Elf:3)
  20 ironbound preservers
  A balrug (Depths:4)
  An orc warlord (Vaults:2)
  A draconian stormcaller (Zot:5)
  Louise (Snake:1)
  4 stone giants
  6 ghouls
  2 formless jellyfish
  10 very ugly things
  4 draconian annihilators
  8 ironbound thunderhulks
  4 eleionomae
  4 black draconians
  4 deep elf death magi
  3 green draconians
  2 bunyips
  7 deep elf demonologists
  A vampire knight (Crypt:3)
  A war gargoyle (Crypt:3)
  2 deep elf annihilators (Elf:3)
  14 purple draconians
  2 white draconians
  2 spark wasps (Depths:2)
  5 dire elephants
  Snorg (D:10)
  2 yellow draconians (Zot:5)
  4 red draconians
  2 fire dragons
  The ghost of olmar the Prestidigitator, a journeyman CoAr of Gozag (Orc:1)
  2 ettins
  2 entropy weavers
  2 jiangshi (Crypt:2)
  A deep elf high priest (Elf:3)
  A blizzard demon (Depths:2)
  Josephine (Lair:4)
  A crystal guardian (Crypt:3)
  2 spriggan zombies
  2 salamander tyrants
  8 ice dragons
  10 yaktaur captains
  2 shambling mangroves (Swamp:4)
  6 great orbs of eyes
  Fannar (D:12)
  6 vault guards
  A spriggan skeleton (Crypt:3)
  A caustic shrike simulacrum (Depths:3)
  A merfolk avatar (Lair:5)
  14 hydras
  11 anacondas
  4 ogre magi
  4 centaur warriors
  2 ghost crabs
  11 ironbound frosthearts
  A satyr (shapeshifter) (Vaults:5)
  11 two-headed ogres
  7 alligators
  A deep troll shaman (Depths:1)
  5 dancing weapons
  4 boulder beetles
  A sphinx skeleton (Depths:1)
  A tengu warrior (Depths:2)
  6 death yaks
  A deep troll earth mage (Depths:1)
  A spriggan berserker (Swamp:4)
  A soul eater (Vaults:2)
  4 thrashing horrors
  8 naga sharpshooters
  5 shock serpents
  Urug (Lair:5)
  4 orc high priests (Elf:1)
  5 vampire magi
  6 hell knights
  2 occultists (Depths:1)
  5 naga warriors
  3 wretched stars
  Sonja (Orc:2)
  8 deep elf knights
  A spatial maelstrom (Abyss:4)
  2 iron trolls
  A shadow wraith (Crypt:2)
  A fire crab (D:15)
  3 flayed ghosts
  3 sixfirhies
  3 goliath frogs
  A shadow demon (Depths:2)
  14 skeletal warriors
  4 spriggan druids
  An anaconda zombie (Abyss:3)
  12 arcanists
  4 skysharks (Lair:5)
  39 deep trolls
  A glowing orange brain (Depths:1)
  A death drake (Swamp:3)
  4 bog bodies
  An anaconda skeleton (Crypt:1)
  4 phantasmal warriors
  3 swamp dragons (Swamp:4)
  11 ironbound convokers
  4 naga ritualists
  10 deep elf archers
  2 mana vipers (Snake:4)
  10 deep elf pyromancers
  10 necromancers
  6 orc knights
  3 thermic dynamos (Elf:3)
  2 lindwurms (Vaults:2)
  4 harpies
  13 starcursed masses
  8 deep elf zephyrmancers
  22 ugly things
  A manticore (D:14)
  An oklob plant (Lair:1)
  A stone giant zombie (Crypt:1)
  A tengu skeleton (Vaults:2)
  5 salamanders
  2 orc sorcerers
  2 fire giant zombies
  3 stone giant skeletons
  11 moths of wrath
  3 will-o-the-wisps (Swamp:3)
  8 vault sentinels
  2 kobold blastminers (Orc:1)
  A molten gargoyle (D:15)
  11 elephants
  4 guardian serpents
  A goliath frog skeleton (Crypt:1)
  An alligator skeleton (Crypt:3)
  A fire giant skeleton (Depths:1)
  2 frost giant skeletons (Depths:1)
  An eye of devastation (Slime:4)
  13 black mambas
  A centaur zombie (Crypt:1)
  A torpor snail (Lair:2)
  3 naga magi
  A dire elephant skeleton (Crypt:1)
  5 gargoyles (D:15)
  5 cane toads
  A smoke demon (Depths:4)
  2 centaur skeletons
  A white draconian zombie (Crypt:2)
  30 yaktaurs
  A grey draconian zombie (Crypt:2)
  3 kobold demonologists
  A rime drake (Lair:1)
  An efreet (D:13)
  5 komodo dragons
  A spark wasp simulacrum (Depths:1)
  2 freezing wraiths
  9 tengu conjurers
  A catoblepas skeleton (Crypt:1)
  3 polar bears
  2 ancient zymes (Abyss:4)
  A golden dragon simulacrum (Crypt:1)
  A harpy zombie (Crypt:3)
  A death yak skeleton (Crypt:2)
  3 harpy skeletons
  A wolf spider simulacrum (D:14)
  An iron troll skeleton (Crypt:1)
  3 nameless horrors
  2 tarantellas
  5 tyrant leeches
  A raiju (shapeshifter) (D:15)
  9 blink frogs
  2 wind drakes
  2 bloated husks (Swamp:2)
  An ettin zombie (Depths:1)
  3 hornets (Swamp:2)
  A dream sheep (Lair:2)
  2 fire dragon zombies (Crypt:3)
  3 raiju
  56 slime creatures
  A glass eye (Depths:2)
  2 air elementals
  4 water elementals
  A centaur simulacrum (D:14)
  10 wyverns
  5 spriggans (Swamp:2)
  15 yaks
  A fire bat (Abyss:3)
  A vampire (D:13)
  A fire elemental (Elf:1)
  2 basilisks
  4 wraiths
  4 golden eyes
  4 vampire mosquitoes
  2 redbacks
  8 swamp worms
  A steam dragon (Lair:5)
  13 nagas
  3 water moccasins
  A glowing shapeshifter skeleton (Depths:3)
  A hell hound (D:15)
  Duvessa (D:6)
  3 meliai simulacra (D:15)
  10 orc warriors
  8 swamp drakes
  3 ogres (Orc:1)
  6 centaurs
  An ettin simulacrum (Depths:1)
  19 laughing skulls
  The ghost of soul19 the Changeling, an amateur DsSh (D:3)
  9 wolves
  2 kobold brigands
  2 brain worms (Abyss:3)
  An earth elemental (Elf:1)
  9 bullfrogs
  5 killer bees
  2 howler monkeys
  4 electric eels
  A bombardier beetle (D:5)
  A hound (D:7)
  4 jellies (Lair:5)
  3 orc priests
  An iron imp (Abyss:3)
  A boggart zombie (Crypt:2)
  3 iguanas
  Ijyb (D:5)
  4 orc wizards
  2 gnolls
  3 adders
  A shadow imp (D:6)
  2 white imps
  2 ufetubi (Abyss:3)
  A ribbon worm (D:2)
  23 orcs
  6 spectral bats (Abyss:3)
  4 endoplasms
  3 giant cockroaches
  3 goblins
  A quokka (D:2)
  6 ball pythons
  8 bats
  2 bat simulacra (Abyss:3)
  A frilled lizard (D:3)
  12 kobolds
  4 rats
  4 starspawn tentacles
1164 creatures vanquished.

Vanquished Creatures (collateral kills)
  the Royal Jelly (Slime:5)
  3 ancient liches
  A dread lich (Zot:5)
  Mara (Depths:2)
  3 orbs of fire
  Vashnia (Snake:4)
  2 Killer Klowns
  4 caustic shrikes
  3 golden dragons
  A Tzitzimitl (Depths:1)
  An Ice Fiend (Depths:3)
  13 Orb Guardians
  Mlioglotl (Swamp:1)
  5 tentacled monstrosities
  2 liches
  2 quicksilver dragons (Zot:5)
  12 acid blobs
  A sphinx (Vaults:5)
  An ancient champion (Crypt:1)
  3 death cobs
  An Executioner (Depths:4)
  3 shadow dragons
  4 azure jellies
  2 storm dragons
  2 tengu reavers
  2 nagarajas (Snake:4)
  2 draconian monks
  8 rockslimes
  3 fire giants
  2 draconian scorchers
  3 frost giants
  3 draconian shifters
  A deep elf sorcerer (Elf:3)
  A draconian stormcaller (WizLab)
  An orc warlord (Orc:2)
  3 draconian annihilators
  A ghoul (Crypt:2)
  5 ironbound preservers
  14 very ugly things
  7 quicksilver oozes
  5 stone giants
  3 vampire knights
  2 green draconians (Depths:4)
  A juggernaut skeleton (Depths:3)
  2 red draconians (Zot:5)
  A deep elf demonologist (Elf:3)
  5 black draconians
  5 ironbound thunderhulks
  6 purple draconians
  An eleionoma (Swamp:2)
  2 deep elf death magi
  3 war gargoyles (Crypt:3)
  3 deep elf annihilators (Elf:3)
  Azrael (D:15)
  2 white draconians
  4 bunyips
  3 yellow draconians
  An eidolon (Abyss:3)
  5 ettins
  2 crystal guardians (Crypt:3)
  A fire dragon (Depths:3)
  2 jiangshi
  An entropy weaver (Vaults:1)
  2 great orbs of eyes (Slime:5)
  A quicksilver dragon skeleton (Crypt:3)
  A hell beast (Zot:1)
  20 slime creatures
  Erolcha (Orc:2)
  10 hydras
  A spriggan air mage (Depths:2)
  3 vault guards
  An alligator (Swamp:2)
  A ghost crab (Swamp:3)
  A rakshasa (Depths:2)
  An ogre mage (Vaults:2)
  A catoblepas (Lair:4)
  3 centaur warriors
  2 ice dragons
  4 boulder beetles
  2 anacondas
  2 death yaks
  4 deep troll earth magi
  2 ironbound frosthearts
  A two-headed ogre (Vaults:2)
  13 dancing weapons
  A death knight (Crypt:1)
  An orc high priest (Orc:2)
  3 naga sharpshooters
  2 vampire magi (Crypt:2)
  A deep troll shaman (Depths:1)
  7 deep elf knights
  A thrashing horror (Abyss:3)
  7 naga warriors
  3 shock serpents
  5 hell knights (Crypt:3)
  A soul eater (Crypt:1)
  A wretched star (Abyss:4)
  5 spriggans
  A sun demon (Depths:1)
  A shock serpent (shapeshifter) (Vaults:5)
  A titan skeleton (Crypt:3)
  2 iron trolls (Depths:3)
  4 goliath frogs
  2 salamander mystics
  11 skeletal warriors
  A fire crab (D:15)
  15 deep trolls
  A spatial maelstrom (Abyss:4)
  5 mana vipers
  A sea snake (Lair:5)
  3 spriggan druids
  9 bog bodies
  A naga ritualist (Snake:4)
  5 arcanists
  An obsidian statue (Zot:5)
  9 swamp dragons
  9 ironbound convokers
  5 thermic dynamos
  9 necromancers
  2 phantasmal warriors
  2 deep elf archers (Elf:2)
  5 large abominations
  An orc knight (Vaults:2)
  3 lindwurms
  11 ugly things
  An anaconda skeleton (Crypt:1)
  An elf skeleton (Vaults:2)
  12 deep elf pyromancers
  4 deep elf zephyrmancers
  A faun (shapeshifter) (Vaults:5)
  5 harpies
  A tengu skeleton (Crypt:3)
  5 cyclopes
  6 shining eyes
  15 salamanders
  2 orc sorcerers (Orc:2)
  An eleionoma zombie (Crypt:2)
  8 elephants
  5 moths of wrath
  A manticore (D:13)
  A will-o-the-wisp (Swamp:3)
  2 kobold blastminers (Orc:2)
  2 eyes of devastation (Slime:5)
  3 naga magi
  A stone giant skeleton (Vaults:2)
  5 cane toads
  2 smoke demons
  2 gargoyles (D:15)
  A molten gargoyle (D:15)
  10 vault sentinels
  14 black mambas
  2 efreet (D:15)
  2 yaktaurs (Vaults:4)
  A komodo dragon (Lair:1)
  2 freezing wraiths
  6 rime drakes
  An ancient zyme (Abyss:4)
  9 tengu conjurers
  5 trolls
  5 tyrant leeches
  2 bloated husks (Swamp:2)
  An iron troll skeleton (Crypt:1)
  2 polar bears (Lair:5)
  2 raiju (Abyss:4)
  A wolf spider simulacrum (D:15)
  A hydra zombie (Crypt:1)
  2 wind drakes
  6 hornets
  A frost giant simulacrum (Depths:3)
  10 blink frogs
  An iron dragon simulacrum (Depths:3)
  A dream sheep (Lair:2)
  A harpy skeleton (Abyss:4)
  A glass eye (Depths:1)
  A human simulacrum (Vaults:2)
  A centaur simulacrum (D:12)
  An air elemental (D:15)
  A jumping spider (Vaults:3)
  9 water elementals
  2 ynoxinuls
  A small abomination (Abyss:3)
  3 wyverns
  10 yaks
  2 vampires
  A fire elemental (D:15)
  6 wraiths
  A steam dragon (D:7)
  A basilisk (shapeshifter) (Elf:3)
  Grum (D:9)
  5 basilisks
  7 golden eyes
  A redback (Vaults:1)
  9 vampire mosquitoes
  2 wargs (Orc:1)
  A chaos spawn (Depths:2)
  8 nagas
  A glowing shapeshifter zombie (Depths:3)
  7 swamp worms
  Edmund (D:4)
  10 water moccasins
  2 naga skeletons (Crypt:1)
  2 hell hounds (D:15)
  6 swamp drakes (Swamp:4)
  13 orc warriors
  3 black bears
  17 laughing skulls
  3 ogres
  4 wolves (Lair:1)
  3 centaurs
  A phantom (D:6)
  3 kobold brigands
  A komodo dragon zombie (Crypt:2)
  A weeping skull (Abyss:4)
  2 bullfrogs
  3 scorpions
  3 earth elementals
  A cyclops skeleton (Crypt:1)
  Dowan (D:6)
  4 killer bees (D:9)
  A yak zombie (Crypt:2)
  A howler monkey (shapeshifter) (D:15)
  3 howler monkeys (D:7)
  6 lava snakes (Snake:2)
  2 quasits (Abyss:4)
  2 hounds
  A basilisk zombie (Crypt:2)
  14 jellies
  A bombardier beetle (D:4)
  2 starcursed masses (Abyss:4)
  15 orc priests
  A sleepcap (D:6)
  An iguana (D:4)
  11 orc wizards
  8 statues
  A deep dwarf zombie (Crypt:2)
  An ogre skeleton (Crypt:2)
  7 adders
  6 gnolls
  A ribbon worm (D:3)
  2 dart slugs (D:1)
  43 orcs
  2 bats
  5 endoplasms
  3 giant cockroaches
  5 goblins
  A hobgoblin (D:1)
  5 quokkas
  3 frilled lizards
  14 kobolds
  6 rats
  A lurking horror (Abyss:4)
942 creatures vanquished.

Vanquished Creatures (others)
  17 eldritch tentacles
  2 vault wardens (Vaults:4)
  2 ironbound thunderhulks (Vaults:4)
  A yaktaur captain (Vaults:1)
  A hydra (Swamp:3)
  3 centaur warriors
  An ironbound frostheart (Vaults:4)
  7 anacondas
  2 shock serpents
  4 naga sharpshooters
  A goliath frog (Swamp:3)
  A naga ritualist (Snake:4)
  2 harpies (Vaults:2)
  An orc sorcerer (Orc:2)
  2 ugly things (Vaults:2)
  3 manticores
  3 meliai (D:14)
  A salamander (Snake:2)
  5 black mambas
  A black mamba (shapeshifter) (D:13)
  A naga mage (Snake:4)
  A rime drake (Lair:5)
  An efreet (D:13)
  3 yaktaurs (Vaults:4)
  A bloated husk (Swamp:2)
  A troll (D:13)
  A hornet (Swamp:2)
  A tyrant leech (Swamp:3)
  A snapping turtle (Lair:5)
  A shadow (D:13)
  A hell hound (D:15)
  2 orc warriors (Orc:2)
  A swamp drake (Swamp:4)
  3 centaurs
  An orc wizard (Orc:2)
  2 ufetubi (D:5)
  An orc (Orc:2)
  148 blazeheart cores
  6 foxfires (Swamp:3)
  2 lurking horrors (Abyss:4)
  6 starspawn tentacles
245 creatures vanquished.

Grand Total: 2351 creatures vanquished

Notes
Turn   | Place    | Note
-------+----------+-------------------------------------------
     0 | D:1      | cjoo the Gnoll Summoner began the quest for the Orb.
     0 | D:1      | Reached XP level 1. HP: 13/13 MP: 6/6
    33 | D:1      | Found a faded altar of an unknown god.
    69 | D:1      | Reached XP level 2. HP: 20/20 MP: 4/7
   113 | D:1      | Learned a level 2 spell: Call Imp
   167 | D:1      | Reached skill level 5 in Spellcasting
   167 | D:1      | Reached XP level 3. HP: 25/25 MP: 4/9
   357 | D:1      | Reached skill level 1 in Invocations
   389 | D:1      | Learned a level 3 spell: Call Canine Familiar
   716 | D:2      | Reached skill level 1 in Fighting
   716 | D:2      | Reached skill level 1 in Short Blades
   716 | D:2      | Reached skill level 1 in Long Blades
   716 | D:2      | Reached skill level 1 in Axes
   716 | D:2      | Reached skill level 1 in Maces & Flails
   716 | D:2      | Reached skill level 1 in Polearms
   716 | D:2      | Reached skill level 1 in Staves
   716 | D:2      | Reached skill level 1 in Ranged Weapons
   716 | D:2      | Reached skill level 1 in Throwing
   716 | D:2      | Reached skill level 1 in Armour
   716 | D:2      | Reached skill level 1 in Shields
   716 | D:2      | Reached skill level 1 in Unarmed Combat
   716 | D:2      | Reached skill level 1 in Evocations
   886 | D:2      | Reached skill level 1 in Shapeshifting
   886 | D:2      | Reached XP level 4. HP: 32/32 MP: 4/11
  1150 | D:2      | Reached skill level 1 in Conjurations
  1150 | D:2      | Reached skill level 1 in Hexes
  1150 | D:2      | Reached skill level 1 in Necromancy
  1150 | D:2      | Reached skill level 1 in Translocations
  1150 | D:2      | Reached skill level 1 in Fire Magic
  1150 | D:2      | Reached skill level 1 in Ice Magic
  1150 | D:2      | Reached skill level 1 in Air Magic
  1150 | D:2      | Reached skill level 1 in Earth Magic
  1150 | D:2      | Reached skill level 1 in Alchemy
  1331 | D:2      | Reached XP level 5. HP: 37/37 MP: 12/12
  1859 | D:3      | Found a runed translucent door.
  1866 | D:3      | Noticed soul19's ghost (amateur DsSh)
  2779 | D:4      | Reached XP level 6. HP: 44/44 MP: 14/14
  2997 | D:4      | Found a blossoming altar of Fedhas.
  3007 | D:4      | Found a broken altar of Ashenzari.
  3011 | D:4      | Became a worshipper of Ashenzari the Shackled
  3604 | D:5      | Entered Level 5 of the Dungeon
  3604 | D:5      | Noticed Edmund
  3616 | D:4      | Killed Edmund
  3617 | D:4      | Reached skill level 2 in Staves
  3617 | D:4      | Reached skill level 5 in Dodging
  3900 | D:5      | Reached XP level 7. HP: 50/51 MP: 15/15
  3948 | D:5      | Found a staircase to the Ecumenical Temple.
  3954 | D:5      | Reached skill level 5 in Stealth
  4118 | D:5      | Noticed Ijyb
  4134 | D:5      | Killed Ijyb
  4135 | D:5      | Reached skill level 3 in Staves
  4135 | D:5      | Reached XP level 8. HP: 32/58 MP: 16/16
  4791 | D:6      | Noticed Dowan
  4878 | D:6      | Noticed Duvessa
  5184 | D:7      | Learned a level 4 spell: Summon Blazeheart Golem
  5270 | D:6      | Killed Duvessa
  5332 | D:6      | Killed Dowan
  5333 | D:6      | Reached XP level 9. HP: 50/65 MP: 18/18
  5351 | D:6      | Learned a level 4 spell: Summon Lightning Spire
  5408 | D:6      | Reached skill level 4 in Staves
  5636 | D:6      | Noticed a boulder beetle
  5980 | D:7      | Reached * piety under Ashenzari
  6562 | D:8      | Reached skill level 5 in Invocations
  6575 | D:8      | Noticed an elephant
  6596 | D:8      | Killed an elephant
  6681 | D:8      | Found a white marble altar of Elyvilon.
  6857 | D:8      | Found a staircase to the Lair.
  6897 | D:8      | Reached skill level 5 in Fighting
  6897 | D:8      | Reached skill level 5 in Short Blades
  6897 | D:8      | Reached skill level 5 in Long Blades
  6897 | D:8      | Reached skill level 5 in Axes
  6897 | D:8      | Reached skill level 5 in Maces & Flails
  6897 | D:8      | Reached skill level 5 in Polearms
  6897 | D:8      | Reached skill level 5 in Staves
  6897 | D:8      | Reached skill level 5 in Ranged Weapons
  6897 | D:8      | Reached skill level 5 in Throwing
  6897 | D:8      | Reached skill level 5 in Armour
  6897 | D:8      | Reached skill level 5 in Shields
  6897 | D:8      | Reached skill level 5 in Unarmed Combat
  6897 | D:8      | Reached skill level 5 in Evocations
  6897 | D:8      | Reached XP level 10. HP: 76/76 MP: 20/22
  7279 | D:9      | Noticed Grum
  7301 | D:9      | Killed Grum
  7509 | D:9      | Found a radiant altar of Vehumet.
  8188 | D:10     | Entered Level 10 of the Dungeon
  8218 | D:10     | Reached skill level 5 in Shapeshifting
  8309 | D:10     | Noticed a two-headed ogre
  8334 | D:10     | Killed a two-headed ogre
  8401 | D:10     | Found Ticoff's Distillery.
  8409 | D:10     | Bought a potion of heal wounds for 70 gold pieces
  8409 | D:10     | Bought a potion of heal wounds for 70 gold pieces
  8423 | D:10     | Noticed Snorg
  8436 | D:10     | Killed Snorg
  8437 | D:10     | Reached skill level 6 in Staves
  8437 | D:10     | Reached skill level 5 in Conjurations
  8437 | D:10     | Reached skill level 5 in Hexes
  8437 | D:10     | Reached skill level 5 in Necromancy
  8437 | D:10     | Reached skill level 5 in Translocations
  8437 | D:10     | Reached skill level 5 in Fire Magic
  8437 | D:10     | Reached skill level 5 in Ice Magic
  8437 | D:10     | Reached skill level 5 in Air Magic
  8437 | D:10     | Reached skill level 5 in Earth Magic
  8437 | D:10     | Reached skill level 5 in Alchemy
  8437 | D:10     | Reached XP level 11. HP: 70/83 MP: 16/23
  8517 | D:10     | Found a roughly hewn altar of Beogh.
  8517 | D:10     | Found a staircase to the Orcish Mines.
  8540 | D:10     | Reached ** piety under Ashenzari
  8843 | D:11     | Noticed a six-headed hydra
  8857 | D:11     | Killed a six-headed hydra
  8960 | D:11     | Noticed a cyclops
  8976 | D:11     | Killed a cyclops
  9228 | D:11     | Noticed a two-headed ogre
  9238 | D:11     | Killed a two-headed ogre
  9257 | D:11     | Noticed a manticore
  9306 | D:11     | Noticed a red ugly thing
  9431 | Lair:1   | Entered Level 1 of the Lair of Beasts
  9610 | Lair:1   | Found a gate leading to a gauntlet.
  9653 | Gauntlet | Entered a Gauntlet
  9653 | Gauntlet | Noticed a spectral death yak
  9653 | Gauntlet | Noticed a spectral death yak
  9653 | Gauntlet | Found a transporter.
  9660 | Gauntlet | Noticed a death scarab
  9662 | Gauntlet | Found a transporter.
  9667 | Gauntlet | Noticed a green death
  9675 | Gauntlet | Identified the ring "Cuchiss" {rC+ rCorr Dex+3}
  9676 | Gauntlet | Found a transporter.
  9679 | Gauntlet | Found a transporter.
  9690 | Gauntlet | Noticed a death scarab
  9707 | Gauntlet | Found a runed translucent door.
  9707 | Gauntlet | Found a transporter.
  9710 | Gauntlet | Noticed an arcanist
  9710 | Gauntlet | Noticed an occultist
  9719 | Gauntlet | Found a transporter.
  9721 | Gauntlet | Found a transporter.
  9723 | Gauntlet | Noticed an occultist
  9723 | Gauntlet | Noticed an occultist
  9729 | Gauntlet | Found a transporter.
  9729 | Gauntlet | Found a transporter.
  9730 | Gauntlet | Found a transporter.
  9730 | Gauntlet | Noticed a reaper
  9731 | Gauntlet | Found a transporter.
  9982 | Lair:1   | Reached skill level 7 in Staves
 10103 | Lair:1   | Noticed an oklob plant
 10140 | Lair:1   | Reached XP level 12. HP: 93/93 MP: 23/25
 11053 | Lair:2   | Learned a level 4 spell: Airstrike
 11206 | Lair:2   | Found a staircase to the Swamp.
 11500 | Lair:2   | Found a staircase to the Snake Pit.
 11617 | Lair:2   | Noticed a four-headed hydra
 11652 | Lair:2   | Killed a four-headed hydra
 12148 | Lair:3   | Reached skill level 8 in Staves
 12213 | Lair:3   | Reached XP level 13. HP: 63/101 MP: 25/27
 12442 | Lair:3   | Reached skill level 10 in Summonings
 12518 | Lair:3   | Reached *** piety under Ashenzari
 12774 | Orc:1    | Entered Level 1 of the Orcish Mines
 12834 | Orc:1    | Reached skill level 10 in Spellcasting
 13245 | Orc:1    | Found Lamiurph's Armour Boutique.
 13339 | Orc:1    | Found a runed translucent door.
 13365 | Orc:1    | Noticed olmar's ghost (journeyman CoAr)
 13487 | Orc:1    | Learned a level 4 spell: Anguish
 13496 | Orc:2    | Entered Level 2 of the Orcish Mines
 13498 | Orc:2    | Noticed Sonja
 13503 | Orc:2    | Killed Sonja
 13559 | Orc:2    | Found a staircase to the Elven Halls.
 13651 | Orc:2    | Reached skill level 10 in Dodging
 13880 | Orc:2    | Noticed an orc warlord
 13902 | Orc:2    | Killed an orc warlord
 13968 | Orc:2    | Reached skill level 9 in Staves
 14016 | Orc:2    | Reached skill level 10 in Stealth
 14079 | Orc:2    | Found a roughly hewn altar of Beogh.
 14139 | Orc:2    | Found Riup's Antique Weapon Boutique.
 14203 | Orc:2    | Found Bomamor's Book Emporium.
 14219 | Orc:2    | Found Juukah's Antique Armour Emporium.
 14235 | Orc:2    | Found Dacw's Antique Weapon Emporium.
 14255 | Orc:2    | Found Nypaq's General Store.
 14343 | Orc:2    | Noticed Erolcha
 14399 | Orc:2    | Bought a twisted leather armour for 217 gold pieces
 14399 | Orc:2    | Identified the +0 leather armour "Ylenux" {rElec rC+} (You
                  | bought it in a shop on level 2 of the Orcish Mines)
 14732 | D:12     | Found an ornate altar of the Wu Jian Council.
 14756 | D:12     | Reached skill level 10 in Invocations
 14756 | D:12     | Reached XP level 14. HP: 68/110 MP: 15/29
 14841 | D:12     | Noticed Fannar
 14854 | D:12     | Killed Fannar
 15038 | D:12     | You fall into a shaft and drop 1 floor!
 16963 | Orc:2    | Bought a scroll of enchant armour for 105 gold pieces
 17632 | Lair:4   | Identified the +8 scimitar "Impslayer" {freeze, Str+4}
 17683 | Lair:4   | Found a snail-covered altar of Cheibriados.
 17686 | Lair:4   | Noticed Josephine
 17796 | Lair:4   | Killed Josephine
 18183 | Lair:5   | Entered Level 5 of the Lair of Beasts
 18405 | Lair:5   | Noticed Urug
 18429 | Lair:5   | Killed Urug
 18439 | Lair:5   | Reached skill level 10 in Fighting
 18439 | Lair:5   | Reached skill level 10 in Short Blades
 18439 | Lair:5   | Reached skill level 10 in Long Blades
 18439 | Lair:5   | Reached skill level 10 in Axes
 18439 | Lair:5   | Reached skill level 10 in Maces & Flails
 18439 | Lair:5   | Reached skill level 10 in Polearms
 18439 | Lair:5   | Reached skill level 10 in Staves
 18439 | Lair:5   | Reached skill level 10 in Ranged Weapons
 18439 | Lair:5   | Reached skill level 10 in Throwing
 18439 | Lair:5   | Reached skill level 10 in Armour
 18439 | Lair:5   | Reached skill level 10 in Shields
 18439 | Lair:5   | Reached skill level 10 in Unarmed Combat
 18439 | Lair:5   | Reached skill level 10 in Evocations
 18525 | Lair:5   | Found a viscous altar of Jiyva.
 18531 | Lair:5   | Found a staircase to the Slime Pits.
 18577 | Lair:5   | Reached XP level 15. HP: 119/119 MP: 31/31
 19585 | Swamp:1  | Entered Level 1 of the Swamp
 20112 | D:13     | Learned a level 3 spell: Swiftness
 20119 | D:13     | Learned a level 6 spell: Plasma Beam
 20371 | D:13     | Found Topan's Island Escapes.
 20397 | D:13     | Reached **** piety under Ashenzari
 20407 | D:13     | Bought a scroll of blinking for 127 gold pieces
 20407 | D:13     | Bought a potion of invisibility for 136 gold pieces
 20980 | D:13     | Found a gate to the Vaults.
 21485 | D:14     | Noticed Frances
 21491 | D:14     | Killed Frances
 21822 | D:14     | Reached skill level 10 in Shapeshifting
 22458 | Snake:1  | Entered Level 1 of the Snake Pit
 22570 | Snake:1  | Reached XP level 16. HP: 123/129 MP: 26/33
 22585 | Snake:1  | Noticed Louise
 22595 | Snake:1  | Killed Louise
 22707 | Snake:1  | Reached skill level 11 in Staves
 22766 | Snake:1  | Found a basalt altar of Yredelemnul.
 23598 | Snake:2  | Found Gyfaatel's Armour Boutique.
 23621 | Snake:2  | Bought the +3 pair of mountain boots {steadfast, rC+} for
                  | 402 gold pieces
 23621 | Snake:2  | Found the +3 pair of mountain boots {steadfast, rC+}
 25262 | Orc:2    | Bought a Necronomicon for 810 gold pieces
 25271 | Orc:2    | Learned a level 7 spell: Haunt
 25398 | Orc:2    | Killed Erolcha
 25400 | Orc:2    | Noticed Donald
 25411 | Orc:2    | Killed Donald
 27129 | Swamp:1  | Reached XP level 17. HP: 137/137 MP: 23/35
 27313 | Swamp:1  | Noticed Mlioglotl
 27319 | Swamp:1  | Killed Mlioglotl
 27329 | Swamp:1  | Reached skill level 10 in Conjurations
 27329 | Swamp:1  | Reached skill level 10 in Hexes
 27329 | Swamp:1  | Reached skill level 10 in Necromancy
 27329 | Swamp:1  | Reached skill level 10 in Translocations
 27329 | Swamp:1  | Reached skill level 10 in Fire Magic
 27329 | Swamp:1  | Reached skill level 10 in Ice Magic
 27329 | Swamp:1  | Reached skill level 10 in Air Magic
 27329 | Swamp:1  | Reached skill level 10 in Earth Magic
 27329 | Swamp:1  | Reached skill level 10 in Alchemy
 28065 | Swamp:2  | Reached skill level 12 in Staves
 28871 | Swamp:3  | Found a transporter.
 28873 | Swamp:3  | Identified the +4 great sword of the Pit {protect, Dex+2
                  | SInv}
 28874 | Swamp:3  | Identified the ring of Darkness {Str+3 Dex+6 Stlth+}
 28875 | Swamp:3  | Noticed a tentacled monstrosity
 28895 | Swamp:3  | Found a transporter.
 28895 | Swamp:3  | Found the +3 pair of gauntlets of War {Slay+5}
 28992 | Swamp:3  | Identified the +5 leather armour of the Six Beasts {^Drain
                  | rPois Str+2 Slay+5}
 29770 | Swamp:4  | Entered Level 4 of the Swamp
 30912 | Swamp:4  | Reached XP level 18. HP: 146/146 MP: 25/37
 31240 | Swamp:4  | Got a decaying rune of Zot
 31894 | Abyss:2  | Cast into level 2 of the Abyss (salamander)
 31896 | Abyss:2  | Found a corrupted altar of Lugonu.
 31958 | Abyss:2  | Paralysed by an air elemental for 1 turns
 31964 | Abyss:2  | Paralysed by an air elemental for 1 turns
 31966 | Abyss:3  | Found a corrupted altar of Lugonu.
 32330 | Abyss:3  | Noticed a bone dragon
 32372 | Abyss:3  | Noticed a Hell Sentinel
 32409 | Abyss:3  | Noticed a bone dragon
 32483 | Abyss:3  | Found a corrupted altar of Lugonu.
 32610 | Abyss:3  | Learned a level 4 spell: Dispel Undead
 32616 | Abyss:3  | Learned a level 5 spell: Lee's Rapid Deconstruction
 32764 | Snake:3  | Escaped the Abyss
 33269 | Snake:3  | Reached ***** piety under Ashenzari
 33501 | Snake:3  | Identified the +6 whip of Disharmony {holy, rElec rPois}
 33737 | Orc:1    | Bought the +0 mask of the Dragon {Will+ Slay+3 SInv} for
                  | 534 gold pieces
 33737 | Orc:1    | Found the +0 mask of the Dragon {Will+ Slay+3 SInv}
 33895 | Vaults:1 | Entered Level 1 of the Vaults
 33895 | Vaults:1 | Found Rohor's Distillery.
 33999 | Vaults:1 | Bought a potion of heal wounds for 85 gold pieces
 33999 | Vaults:1 | Bought a potion of heal wounds for 85 gold pieces
 34101 | Vaults:1 | Reached skill level 13 in Staves
 34931 | Vaults:1 | Found Tilotz's Armour Shop.
 35518 | Vaults:1 | Found Finitsum's Weapon Shop.
 35791 | Vaults:1 | Reached XP level 19. HP: 154/154 MP: 25/38
 36129 | Vaults:1 | Found Woafemurch's Assorted Antiques.
 36133 | Vaults:1 | Bought a scroll labelled QEUGGA VADDIPUSY for 26 gold
                  | pieces
 37548 | Vaults:2 | Found a staircase to the Crypt.
 39152 | Vaults:2 | Reached skill level 15 in Invocations
 39365 | Vaults:2 | Identified the +4 sling of Kaziet {heavy, ^Drain Str+2
                  | Dex+3 SInv}
 39756 | Vaults:3 | Reached XP level 20. HP: 142/166 MP: 15/41
 39917 | Vaults:3 | Reached skill level 14 in Staves
 40852 | Vaults:3 | Reached skill level 15 in Spellcasting
 40858 | Vaults:3 | Noticed Jory
 40881 | Vaults:3 | Killed Jory
 41074 | Vaults:3 | Found Loudgh's Armour Boutique.
 41708 | Vaults:3 | Reached skill level 15 in Dodging
 42000 | Vaults:3 | Identified the +8 chain mail of Gyfum {+Blink rN++}
 42333 | Vaults:4 | Reached skill level 15 in Stealth
 43190 | Vaults:4 | Reached XP level 21. HP: 174/174 MP: 24/42
 44749 | Snake:4  | Entered Level 4 of the Snake Pit
 45946 | Snake:4  | Noticed Vashnia
 46087 | Snake:4  | Killed Vashnia
 46094 | Snake:4  | Reached skill level 15 in Fighting
 46094 | Snake:4  | Reached skill level 15 in Short Blades
 46094 | Snake:4  | Reached skill level 15 in Long Blades
 46094 | Snake:4  | Reached skill level 15 in Axes
 46094 | Snake:4  | Reached skill level 15 in Maces & Flails
 46094 | Snake:4  | Reached skill level 15 in Polearms
 46094 | Snake:4  | Reached skill level 15 in Staves
 46094 | Snake:4  | Reached skill level 15 in Ranged Weapons
 46094 | Snake:4  | Reached skill level 15 in Throwing
 46094 | Snake:4  | Reached skill level 15 in Armour
 46094 | Snake:4  | Reached skill level 15 in Shields
 46094 | Snake:4  | Reached skill level 15 in Unarmed Combat
 46094 | Snake:4  | Reached skill level 15 in Evocations
 46147 | Snake:4  | Found an iron altar of Okawaru.
 46196 | Snake:4  | Got a serpentine rune of Zot
 46446 | Snake:4  | Learned a level 4 spell: Iskenderun's Mystic Blast
 46679 | Orc:2    | Bought a book of Spatial Translocations for 270 gold pieces
 46683 | Orc:2    | Learned a level 2 spell: Blink
 46686 | Orc:2    | Learned a level 2 spell: Lesser Beckoning
 46817 | D:15     | Entered Level 15 of the Dungeon
 46843 | D:15     | Noticed Azrael
 46864 | D:15     | Killed Azrael
 47094 | D:15     | Paralysed by an air elemental for 1 turns
 47097 | D:15     | Paralysed by an air elemental for 1 turns
 47161 | D:15     | Identified the +2 ring mail of Ducker {+Inv}
 47344 | D:15     | Learned a level 7 spell: Spellforged Servitor
 47352 | D:15     | Learned a level 6 spell: Bombard
 47658 | D:15     | Identified the Atlas of the Barracuda
 47762 | D:15     | Found a staircase to the Depths.
 48022 | D:15     | Paralysed by an air elemental for 1 turns
 48449 | Elf:1    | Entered Level 1 of the Elven Halls
 48602 | Elf:1    | Found Kahuf's Mayhem Merchandise.
 48869 | Elf:1    | Paralysed by an air elemental for 1 turns
 48873 | Elf:1    | Paralysed by an air elemental for 1 turns
 48876 | Elf:1    | Paralysed by an air elemental for 1 turns
 49678 | Elf:2    | Reached XP level 22. HP: 183/183 MP: 39/44
 49769 | Elf:2    | Found a portal to a secret trove of treasure.
 50644 | Elf:2    | Found Plog's Book Shoppe.
 50644 | Elf:2    | Found Gesomm's Jewellery Boutique.
 50645 | Elf:2    | Found Wuahox's Book Shoppe.
 50716 | Elf:2    | Found a runed translucent gate.
 50716 | Elf:2    | Found a runed translucent gate.
 50716 | Elf:2    | Found a runed translucent gate.
 50835 | Elf:3    | Entered Level 3 of the Elven Halls
 51285 | Elf:3    | Found a magical portal.
 51294 | WizLab   | Entered Iskenderun's Mystic Tower
 51971 | WizLab   | Identified Iskenderun's Volume of Trauma
 51971 | WizLab   | Identified Iskenderun's Excursus on Conjuration
 51990 | WizLab   | Identified the Folio of Signs
 52301 | Elf:2    | Found a shimmering blue altar of Sif Muna.
 53076 | Orc:2    | Bought a book of the Earth for 540 gold pieces
 53084 | Orc:2    | Learned a level 6 spell: Permafrost Eruption
 53549 | Elf:3    | Identified the +2 flail of the Freezing God {flame,
                  | *Corrode rF++ Will+++ Stlth+}
 53554 | Elf:3    | Reached skill level 15 in Summonings
 53571 | Elf:3    | Identified the amulet "Otyirph" {^Drain rElec rF+ Will+
                  | Regen+}
 53638 | Elf:3    | Identified the staff "Gevirucs" {rElec Str+6 Air Alchemy}
 53841 | Elf:3    | Identified the ring of the Sky {rCorr MP+9 Int+3}
 53864 | Elf:3    | Reached skill level 16 in Staves
 54274 | Elf:3    | Identified Xoaraola's Elucidation of Cursed Formulae
 54346 | Elf:3    | Identified the +4 ring mail of Indecent Exposure {Fly rCorr
                  | Dex+5}
 54555 | Elf:3    | Upgraded the game from 0.32-a0-768-g0f6f1dd4b9 to
                  | 0.32-a0-779-g362cfcae2a
 54623 | Elf:2    | Bought a Grand Grimoire for 544 gold pieces
 54632 | Elf:2    | Learned a level 7 spell: Malign Gateway
 54923 | Depths:1 | Entered Level 1 of the Depths
 55552 | Depths:1 | Found a gateway to Hell.
 56000 | Depths:1 | Reached XP level 23. HP: 166/192 MP: 24/46
 56300 | Depths:1 | Found a sparkling altar of Nemelex Xobeh.
 57103 | Depths:2 | Found a one-way gate leading to the halls of Pandemonium.
 57309 | Depths:2 | Noticed Mara
 57339 | Depths:2 | Killed Mara
 58220 | Depths:2 | Noticed a caustic shrike
 58227 | Depths:2 | Killed a caustic shrike
 58895 | Depths:3 | Reached skill level 15 in Shapeshifting
 58896 | Depths:3 | Found the +7 mace of Variability {chaos, chaos arc}
 59038 | Depths:3 | Found a one-way gateway to a ziggurat.
 59110 | Depths:3 | Reached skill level 17 in Staves
 59312 | Depths:3 | Found a one-way gate to the infinite horrors of the Abyss.
 59519 | Depths:3 | Found the +8 frozen axe "Frostbite" {freeze, freezing
                  | cloud, *Noise Fly rC+}
 60067 | Depths:4 | Entered Level 4 of the Depths
 60481 | Depths:4 | Noticed a golden dragon
 60491 | Depths:4 | Killed a golden dragon
 60522 | Depths:4 | Noticed a golden dragon
 60529 | Depths:4 | Killed a golden dragon
 60579 | Depths:4 | Noticed a golden dragon
 60591 | Depths:4 | Killed a golden dragon
 61051 | Depths:4 | Found a gate to the Realm of Zot.
 61472 | Depths:4 | Found a corrupted altar of Lugonu.
 61785 | Slime:1  | Entered Level 1 of the Pits of Slime
 61936 | Slime:1  | Reached XP level 24. HP: 201/201 MP: 46/46
 62628 | Slime:5  | Entered Level 5 of the Pits of Slime
 63335 | Slime:5  | Reached skill level 18 in Staves
 63461 | Slime:5  | Noticed the Royal Jelly
 63487 | Slime:5  | Killed the Royal Jelly
 63748 | Slime:5  | Found the +3 Elemental Staff {ele, rElec rF+ rC+ AC+3}
 63750 | Slime:5  | Identified the Cyclopedia of Maleficia and Glaciation
 63808 | Slime:5  | Identified the Vellum of Fetid Oromancy
 63809 | Slime:5  | Identified the staff of Doom {Fly rElec Will+ Tloc Air}
 63865 | Slime:5  | Identified the +3 tower shield of Qazlal's Whim {rN+ Slay+2
                  | SInv}
 63867 | Slime:5  | Identified the +6 dagger "Unoav" {spect, rCorr Int+5}
 63867 | Slime:5  | Identified the +10 longbow "Xiafun" {drain, Str+4}
 63898 | Slime:5  | Got a slimy rune of Zot
 64553 | Elf:2    | Bought a book of Party Tricks for 352 gold pieces
 64556 | Elf:2    | Learned a level 1 spell: Apportation
 65011 | Depths:3 | Voluntarily entered the Abyss.
 65664 | Abyss:4  | Got an abyssal rune of Zot
 65671 | Depths:3 | Escaped the Abyss
 66013 | Crypt:1  | Entered Level 1 of the Crypt
 66805 | Crypt:1  | Identified the +6 great sword "Kuukil" {holy, *Noise Fly
                  | MP+9 Str+9}
 68131 | Crypt:2  | Identified the +3 ring mail of the Enchanted Forest {Harm
                  | rF- MP+9 Dex+6}
 68256 | Crypt:2  | Reached XP level 25. HP: 197/211 MP: 28/47
 68277 | Crypt:2  | Identified the +6 falchion "Dappeari" {drain, rF+ Str+4}
 68522 | Crypt:2  | Identified the +2 helmet "Ceowiahe" {Rampage +Inv rPois
                  | Dex-2}
 68870 | Crypt:3  | Entered Level 3 of the Crypt
 69206 | Crypt:3  | Reached skill level 19 in Staves
 69526 | Crypt:3  | Noticed an ancient lich
 69533 | Crypt:3  | Killed an ancient lich
 69887 | Crypt:3  | Identified Zonguldrok's Spellbook of Ectoplasm
 70046 | Crypt:3  | Found a staircase to the Tomb.
 70142 | Crypt:3  | Found an ancient bone altar of Kikubaaqudgha.
 70885 | D:3      | Killed soul19's ghost
 71310 | Orc:1    | Killed olmar's ghost
 71565 | Depths:4 | Reached skill level 15 in Conjurations
 71565 | Depths:4 | Reached skill level 15 in Hexes
 71565 | Depths:4 | Reached skill level 15 in Necromancy
 71565 | Depths:4 | Reached skill level 15 in Translocations
 71565 | Depths:4 | Reached skill level 15 in Fire Magic
 71565 | Depths:4 | Reached skill level 15 in Ice Magic
 71565 | Depths:4 | Reached skill level 15 in Air Magic
 71565 | Depths:4 | Reached skill level 15 in Earth Magic
 71565 | Depths:4 | Reached skill level 15 in Alchemy
 71754 | Zot:1    | Entered Level 1 of the Realm of Zot
 71754 | Zot:1    | Found an iron altar of Okawaru.
 71811 | Depths:4 | Learned a level 5 spell: Freezing Cloud
 72280 | Zot:2    | Identified the +7 long sword of the Fresh God {freeze,
                  | Will+ Dex+3}
 72415 | Zot:3    | Identified the +2 morningstar "Sobigg" {freeze, Fly rElec
                  | rF- rN+}
 73418 | Zot:2    | Found a runed translucent gate.
 73418 | Zot:2    | Found a runed translucent gate.
 73418 | Zot:2    | Found a runed translucent gate.
 73419 | Zot:2    | Noticed Uxisash's ghost (veteran DrIE)
 73419 | Zot:2    | Identified the +0 helmet of Kikubaaqudgha's Hope {*Slow
                  | rElec rF+ Str+3}
 73419 | Zot:2    | Identified the staff of Lust {Fly rC+ Str+5 Ice}
 73924 | Zot:1    | Learned a level 6 spell: Dispersal
 74039 | Zot:5    | Entered Level 5 of the Realm of Zot
 74614 | Zot:4    | Noticed an orb of fire
 74621 | Zot:4    | Gained mutation: You are frail. (-10% HP) [an orb of fire]
 74623 | Zot:4    | Gained mutation: You have hidden genetic defects. [an orb
                  | of fire]
 74630 | Zot:4    | Killed an orb of fire
 74631 | Zot:4    | Reached skill level 20 in Staves
 74631 | Zot:4    | Reached XP level 26. HP: 176/197 MP: 18/48
 74631 | Zot:4    | Lost mutation: You have hidden genetic defects. [potion of
                  | mutation]
 74631 | Zot:4    | Lost mutation: You are frail. (-10% HP) [potion of
                  | mutation]
 74631 | Zot:4    | Gained mutation: You are partially covered in iridescent
                  | scales. (AC +2) [potion of mutation]
 74631 | Zot:4    | Gained mutation: You expend magic power (3 MP) to
                  | strengthen your wands. [potion of mutation]
 75652 | Zot:5    | Noticed an ancient lich
 75718 | Zot:5    | Killed an ancient lich
 75934 | Zot:5    | Noticed a dread lich
 75945 | Zot:5    | Killed a dread lich
 75945 | Zot:5    | Noticed a Killer Klown
 75950 | Zot:5    | Noticed a Killer Klown
 76887 | Zot:4    | Killed a Killer Klown
 76970 | Zot:5    | Killed a Killer Klown
 76971 | Zot:5    | Noticed an orb of fire
 76981 | Zot:5    | Noticed an orb of fire
 76984 | Zot:5    | Gained mutation: You occasionally lose the ability to read
                  | scrolls when taking damage. [an orb of fire]
 76987 | Zot:5    | Gained mutation: You are frail. (-10% HP) [an orb of fire]
 76989 | Zot:5    | Gained mutation: You sometimes lose the ability to read
                  | scrolls when taking damage. [an orb of fire]
 77004 | Zot:5    | Noticed a Killer Klown
 77004 | Zot:5    | Noticed a dread lich
 77005 | Zot:5    | Noticed an ancient lich
 77008 | Zot:5    | Noticed an orb of fire
 77008 | Zot:5    | Noticed an ancient lich
 77013 | Zot:5    | Gained mutation: You are very frail. (-20% HP) [an orb of
                  | fire]
 77014 | Zot:5    | Killed an orb of fire
 77171 | Zot:4    | Killed an orb of fire
 77217 | Zot:5    | Gained mutation: You sometimes lose your temper in combat.
                  | [an orb of fire]
 77221 | Zot:5    | Gained mutation: You have an uncontrollable temper. [an orb
                  | of fire]
 77235 | Zot:5    | Killed an orb of fire
 77241 | Zot:5    | Killed an ancient lich
 77253 | Zot:4    | Lost mutation: You are partially covered in iridescent
                  | scales. (AC +2) [potion of mutation]
 77253 | Zot:4    | Lost mutation: You are very frail. (-20% HP) [potion of
                  | mutation]
 77253 | Zot:4    | Gained mutation: Your spells are a little harder to cast,
                  | but a little more powerful. [potion of mutation]
 77254 | Zot:4    | Lost mutation: You sometimes lose the ability to read
                  | scrolls when taking damage. [potion of mutation]
 77254 | Zot:4    | Lost mutation: You are frail. (-10% HP) [potion of
                  | mutation]
 77254 | Zot:4    | Lost mutation: You expend magic power (3 MP) to strengthen
                  | your wands. [potion of mutation]
 77254 | Zot:4    | Gained mutation: You are vulnerable to cold. (rC-) [potion
                  | of mutation]
 77254 | Zot:4    | Lost mutation: Your spells are a little harder to cast, but
                  | a little more powerful. [potion of mutation]
 77488 | Vaults:1 | Bought a potion of magic for 136 gold pieces
 77488 | Vaults:1 | Bought a potion of brilliance for 68 gold pieces
 77488 | Vaults:1 | Bought a potion of cancellation for 136 gold pieces
 77488 | Vaults:1 | Bought a potion of mutation for 136 gold pieces
 77489 | Vaults:1 | Lost mutation: You have an uncontrollable temper. [potion
                  | of mutation]
 77489 | Vaults:1 | Lost mutation: You are vulnerable to cold. (rC-) [potion of
                  | mutation]
 77489 | Vaults:1 | Gained mutation: You have large cloven feet. [potion of
                  | mutation]
 77489 | Vaults:1 | Gained mutation: Your flesh is cold resistant. (rC+)
                  | [potion of mutation]
 77489 | Vaults:1 | Lost mutation: You occasionally lose the ability to read
                  | scrolls when taking damage. [potion of mutation]
 77575 | D:10     | Bought a potion of heal wounds for 70 gold pieces
 77575 | D:10     | Bought a potion of ambrosia for 112 gold pieces
 77575 | D:10     | Bought a potion of might for 56 gold pieces
 77575 | D:10     | Bought a potion of magic for 112 gold pieces
 77575 | D:10     | Bought a potion of resistance for 140 gold pieces
 77627 | Orc:2    | Bought a potion of haste for 140 gold pieces
 77627 | Orc:2    | Bought a scroll of teleportation for 42 gold pieces
 77782 | D:13     | Bought a scroll of teleportation for 51 gold pieces
 77782 | D:13     | Bought a scroll of teleportation for 51 gold pieces
 77782 | D:13     | Bought a potion of invisibility for 136 gold pieces
 77941 | Vaults:5 | Entered Level 5 of the Vaults
 78021 | Vaults:5 | HP: 8/205 [deep elf high priest/a malign offering (17)]
 78034 | Vaults:5 | Got a silver rune of Zot
 78053 | Vaults:5 | HP: 7/198 [fire giant/+2 great sword of flaming (4)]
 78120 | Vaults:5 | Identified the +3 long sword "Vuomudd" {freeze, rN++ MP+9
                  | Dex-4 Stlth+}
 78167 | Vaults:5 | Identified the ring of Fosiup {rElec rF- rC+ MP+9 Int+4}
 80013 | Zot:5    | Reached skill level 21 in Staves
 80116 | Zot:5    | Noticed a Killer Klown
 80205 | Zot:5    | Killed a Killer Klown
 80453 | Zot:5    | Noticed a dread lich
 80596 | Zot:5    | Reached XP level 27. HP: 229/229 MP: 45/49
 80597 | Zot:5    | Killed a dread lich
 80599 | Zot:5    | Killed a dread lich
 80602 | Zot:5    | Killed an ancient lich
 81330 | Zot:5    | Got the Orb of Zot
 81420 | Zot:5    | Noticed Wihuhuku the pandemonium lord
 81950 | D:3      | Noticed Wigeyfug the pandemonium lord
 82009 | D:$      | Escaped with the Orb!

Illustrated notes

Levels and vault maps discovered:
D:1:      dpeg_arrival_ratfight, layout_rooms, basic_ecumenical_altar,
          minivault_23, nicolae_grassy_gnolls
D:2:      layout_basic
D:3:      kennysheep_six_static_rooms, layout_loops_corners,
          ebering_ghost_sewer_d, hangedman_decor_lopped
D:4:      layout_cave_pods, amethyst_overflow_temple_binary,
          kennysheep_generic_room_11
D:5:      layout_rooms, minmay_temple_entry_tees, uniq_ijyb, uniq_edmund
D:6:      layout_loops_ring, minmay_small_thing, uniq_duvessa
D:7:      layout_cave_pods
D:8:      layout_loops_ring, general_overflow_altar,
          grunt_lair_entry_orc_guard_hut
D:9:      layout_loops_corners, vehumet_statue, uniq_grum
D:10:     layout_big_octagon, david_orc_5, serial_column_ruins,
          column_ruins_columns_straight, column_ruins_grid_1,
          column_ruins_corridor_corner, column_ruins_grid_1,
          column_ruins_open_small, serial_shops, shop, nicolae_letterblocks
          [nicolae_letter_subblock, nicolae_letter_subblock,
          nicolae_letter_subblock, nicolae_letter_subblock,
          nicolae_letter_subblock, nicolae_letter_subblock,
          nicolae_letter_subblock, nicolae_letter_subblock,
          nicolae_letter_subblock, nicolae_letter_subblock,
          nicolae_letter_subblock, nicolae_letter_subblock,
          nicolae_letter_subblock, nicolae_letter_subblock,
          nicolae_letter_subblock, nicolae_letter_subblock,
          nicolae_letter_subblock, nicolae_letter_subblock,
          nicolae_letter_subblock, nicolae_letter_subblock,
          nicolae_letter_subblock, nicolae_letter_subblock,
          nicolae_letter_subblock, nicolae_letter_subblock,
          nicolae_letter_subblock], uniq_snorg
D:11:     layout_gridville
D:12:     layout_irregular_city, pdpol_wu_jian_five_deadly_venoms, uniq_fannar
D:13:     layout_irregular_city, skrybe_vaults_entry_preservation,
          nicolae_island_escapes
D:14:     layout_gridville, hangedman_decor_clover_reticule, minmay_misc_feat_x,
          serial_bayou_crossing, uniq_frances
D:15:     hangedman_crystal_crosses_colossus [crystal_crosses_arms_four,
          crystal_crosses_arms_four, crystal_crosses_arms_one]
Lair:1:   layout_hall_layers, gauntlet_entry_generic, st_stairs_7
Lair:2:   layout_layer_cave, swamp_mist, dummy_snake_entry, grunt_megastairs_3,
          lemuel_fruit_fields, serial_bayou_shore_a
Lair:3:   layout_gridlike, serial_bayou_shore_b
Lair:4:   layout_cave_pods, basic_altar, minivault_27, grunt_megastairs_2,
          uniq_josephine
Lair:5:   gammafunk_lair_ancient_temple, layout_concentric_octagons,
          minmay_slime_entry_jelly_boxes, lemuel_fruit_tree, uniq_urug
Swamp:1:  layout_basic_swamp, evilmike_swamp_ruin_house_4, swamp_pool_1_2,
          uniq_mlioglotl
Swamp:2:  layout_basic_swamp, nicolae_swamp_tree_designs,
          infiniplex_staircase_pool
Swamp:3:  gammafunk_sealed_arena, layout_basic_swamp,
          evilmike_swamp_ruin_house_5, swamp_pool_1_2,
          nicolae_swamp_feature_on_the_river_bank
Swamp:4:  swamp_basic_johnstein, layout_basic_swamp
Snake:1:  layout_grid_maze, basic_altar, uniq_louise
Snake:2:  layout_basic, nicolae_stop_n_shop_1
Snake:3:  layout_onion_interference
Snake:4:  grunt_snake_rune_serpentine_throne, layout_onion,
          corexii_hall_statues_t, serial_bayou_shore_b
Slime:1:  layout_caves
Slime:2:  layout_caves
Slime:3:  layout_caves
Slime:4:  layout_caves, nicolae_slime_phagocytosis
Slime:5:  slime_pit_nicolae_trefoil
Orc:1:    layout_caves, serial_shops, shop, ebering_ghost_inner_flame
Orc:2:    grunt_orc_cross, layout_caves, serial_shops, shop, uniq_sonja,
          uniq_donald, uniq_erolcha
Elf:1:    nicolae_elf_arrival_no_cutting_in_line, layout_geoelf_diagonals,
          evilmike_minifort, minmay_shop_mayhem,
          amcnicky_mini_rare_corridor_liquid
Elf:2:    elven_hall_of_blades_hangedman_original [mumra_blade_entry_dagger],
          layout_loops_corners, enter_trove_3, nicolae_elf_v_pinch,
          lemuel_upstairs_altar, minmay_shop_grove, uniq_agnes, uniq_norris
Elf:3:    minmay_elf_hall_dome, layout_loops_ring, mu_enter_wizlab_5
Vaults:1: ontoclasm_vaults_shuriken, ontoclasm_vaults_loading_screen,
          vaults_room_corners, nicolae_vaults_crenellated_ambush,
          nicolae_vaults_sightless_eye, grunt_vaults_hallway_short,
          nicolae_vaults_offset_grid_hallway_1, v_misc_11,
          layout_vaults_omnigrid, serial_shops,
          nicolae_shop_pleasant_corner_grove, nicolae_shop_statue_plus, shop,
          nicolae_shop_bloodbath_and_beyond
Vaults:2: v_misc_2, nicolae_vaults_little_squares_3, lightli_orcish_oven,
          lemuel_ogre_cave, nicolae_vaults_weapon_check,
          hangedman_vaults_variations, dpeg_vaults_monster_row,
          minmay_crypt_entry_simple_walls, nicolae_vaults_network_s,
          nicolae_vaults_hallways_thing, v_alt_pattern_1,
          nicolae_vaults_double_plus_1, nicolae_vaults_trapezoid_3,
          nicolae_vaults_rhombus_5, vaults_dpeg_emergency_exit,
          layout_vaults_omnibox
Vaults:3: nicolae_vaults_more_shelving_2, v_pattern_5,
          nicolae_vaults_layer_cake_slice, nicolae_vaults_lopsided_apartments,
          grunt_vaults_trifunnel, grunt_vaults_funnel,
          nicolae_vaults_trapezoid_4, nicolae_vaults_offset_grid_hallway_2,
          v_rooms_1, nicolae_vaults_stepped_doors,
          nicolae_vaults_little_squares_4, nicolae_vaults_diagonal_hallway_7,
          nicolae_vaults_tangram_1, layout_vaults_maze, serial_shops, shop,
          uniq_jory
Vaults:4: ontoclasm_vaults_pinch, ontoclasm_vaults_spin,
          nicolae_vaults_trapezoid_lopsided_3, vaults_room_octagon, v_misc_15,
          nicolae_vaults_more_shelving_1, ontoclasm_vaults_tryst,
          ontoclasm_vaults_misaligned, nicolae_vaults_apartment_1,
          nicolae_vaults_network_square, nicolae_vaults_triangles,
          vaults_mumra_minichess_inversion,
          nicolae_vaults_windows_and_doors_thing,
          nicolae_vaults_little_squares_5, grunt_vaults_hallway_long,
          nicolae_vaults_tetromino_Z_2, layout_vaults_ring
Vaults:5
Crypt:1:  layout_catacombs, serial_sigils, serial_sigils_hangedman_gnaw,
          serial_sigils_hangedman_scar, serial_sigils_hangedman_quiver,
          serial_sigils_hangedman_stare, serial_sigils_hangedman_confine,
          serial_sigils_hangedman_leer, serial_sigils_hangedman_shear
Crypt:2:  layout_rooms, grunt_megastairs_5
Crypt:3:  cryptofortress_bobbens
Depths:1: layout_gridlike, dreamdust_wishing_well, hangedman_geh_valley,
          grunt_ministairs_10, drop_trap, chequers_serial_rivers_micro_a,
          minmay_misc_feat_rugged, serial_library_hellmonk_recessed_alcove,
          chequers_serial_rivers_micro_a, nemelex_altar_shiori
Depths:2: wad_arrow_thing, layout_cave_pools, chequers_serial_rivers_large_b,
          hell_entry, grunt_pan_entry_in_and_out, drop_trap, roderic_lattice_a,
          infiniplex_staircase_zigzag_4, uniq_mara
Depths:3: minmay_coctagon, layout_cave_pools, enter_ziggurat_a, pf_coc_iceberg,
          nicolae_sextant, abyss_entry, pan_entry, uniq_josephina
Depths:4: grunt_twist_and_shout, layout_gridlike, lightli_too_deep,
          chequers_serial_rivers_micro_d, abyss_entry_flame_altar, moated_statue
Zot:1:    layout_basic, regret_index_zotdec_icy_dp, uniq_parghit
Zot:2:    gammafunk_sealed_library, layout_concentric_octagons,
          gammafunk_ghost_ooze, uniq_grunn
Zot:3:    layout_gridlike, regret_index_zotdec_tunneler,
          regret_index_zotdec_magical_s
Zot:4:    layout_misc_corridors
Zot:5:    layout_gridlike

Skill      XL: |  1  2  3  4  5  6  7  8  9 10 11 12 13 14 15 16 17 18 19 20 21 22 23 24 25 26 27 |
---------------+----------------------------------------------------------------------------------+-----
Spellcasting   | 5 6 7 8 9 10 11 12 13 14 15 16 17 18 19 | 19.4
Invocations    | 1 2 3 4 5 6 7 8 10 11 12 13 14 15 16 17 18 19 20 | 20.3
Fighting       | 1 2 3 5 6 7 8 9 10 11 12 13 14 15 16 17 18 | 18.8
Short Blades   | 1 2 3 5 6 7 8 9 10 11 12 13 14 15 16 17 18 | 18.8
Long Blades    | 1 2 3 5 6 7 8 9 10 11 12 13 14 15 16 17 18 | 18.8
Axes           | 1 2 3 5 6 7 8 9 10 11 12 13 14 15 16 17 18 | 18.8
Maces & Flails | 1 2 3 5 6 7 8 9 10 11 12 13 14 15 16 17 18 | 18.8
Polearms       | 1 2 3 5 6 7 8 9 10 11 12 13 14 15 16 17 18 | 18.8
Staves         | 1 2 3 5 6 7 8 9 10 11 12 13 14 15 16 17 18 20 21 | 21.4
Ranged Weapons | 1 2 3 5 6 7 8 9 10 11 12 13 14 15 16 17 18 | 18.8
Throwing       | 1 2 3 5 6 7 8 9 10 11 12 13 14 15 16 17 18 | 18.8
Armour         | 1 2 3 5 6 7 8 9 10 11 12 13 14 15 16 17 18 | 18.8
Shields        | 1 2 3 5 6 7 8 9 10 11 12 13 14 15 16 17 18 | 18.8
Unarmed Combat | 1 2 3 5 6 7 8 9 10 11 12 13 14 15 16 17 18 | 18.8
Evocations     | 1 2 3 5 6 7 8 9 10 11 12 13 14 15 16 17 18 | 18.8
Shapeshifting  | 1 2 3 4 5 6 7 8 9 10 11 12 13 14 15 16 17 | 17.4
Conjurations   | 1 2 3 4 5 6 7 8 9 10 11 12 13 14 15 16 | 16.0
Hexes          | 1 2 3 4 5 6 7 8 9 10 11 12 13 14 15 16 | 16.0
Necromancy     | 1 2 3 4 5 6 7 8 9 10 11 12 13 14 15 16 | 16.0
Translocations | 1 2 3 4 5 6 7 8 9 10 11 12 13 14 15 16 | 16.0
Fire Magic     | 1 2 3 4 5 6 7 8 9 10 11 12 13 14 15 16 | 16.0
Ice Magic      | 1 2 3 4 5 6 7 8 9 10 11 12 13 14 15 16 | 16.0
Air Magic      | 1 2 3 4 5 6 7 8 9 10 11 12 13 14 15 16 | 16.0
Earth Magic    | 1 2 3 4 5 6 7 8 9 10 11 12 13 14 15 16 | 16.0
Alchemy        | 1 2 3 4 5 6 7 8 9 10 11 12 13 14 15 16 | 16.0
Dodging        | 5 6 7 8 9 10 11 12 13 14 15 16 17 18 19 | 19.3
Stealth        | 5 6 7 8 9 10 11 12 13 14 15 16 17 18 19 | 19.2
Summonings     | 8 9 10 11 12 13 14 15 16 17 | 17.4

Action                     |  1- 3 |  4- 6 |  7- 9 | 10-12 | 13-15 | 16-18 | 19-21 | 22-24 | 25-27 || total
---------------------------+-------+-------+-------+-------+-------+-------+-------+-------+-------++-------
  Melee: Dagger            |    44 |    94 |       |       |       |       |       |       |       ||   138
         Bite              |     6 |     9 |    21 |    26 |    49 |    59 |    79 |    96 |   117 ||   462
         Whip              |       |       |   149 |   211 |   339 |   383 |       |       |       ||  1082
         Eveningstar       |       |       |       |       |       |     9 |   443 |   542 |   206 ||  1200
         Staff             |       |       |       |       |       |       |       |    17 |   168 ||   185
         Demon whip        |       |       |       |       |       |       |       |       |   159 ||   159
   Fire: Sling             |     6 |       |       |       |       |       |       |       |       ||     6
  Throw: Dart              |       |       |       |     9 |    19 |    10 |     1 |     1 |       ||    40
         Javelin           |       |       |       |     1 |       |       |       |       |       ||     1
   Cast: Summon Small Mamm |    12 |     4 |     3 |       |     1 |       |       |       |       ||    20
         Call Imp          |    12 |    24 |    25 |     6 |       |     1 |       |       |       ||    68
         Call Canine Famil |     1 |     8 |    13 |     6 |    11 |     1 |     1 |       |       ||    41
         Summon Blazeheart |       |       |     8 |    63 |    92 |    40 |    12 |       |       ||   215
         Summon Lightning  |       |       |     1 |    33 |   115 |   150 |   102 |    10 |    10 ||   421
         Anguish           |       |       |       |       |    51 |    59 |    40 |       |       ||   150
         Airstrike         |       |       |       |       |    31 |    29 |       |       |       ||    60
         Plasma Beam       |       |       |       |       |     9 |   160 |   231 |    70 |    40 ||   510
         Haunt             |       |       |       |       |       |    26 |    54 |   105 |    70 ||   255
         Dispel Undead     |       |       |       |       |       |     3 |       |    17 |    11 ||    31
         Lee's Rapid Decon |       |       |       |       |       |       |     3 |       |       ||     3
         Swiftness         |       |       |       |       |       |       |     1 |       |       ||     1
         Spellforged Servi |       |       |       |       |       |       |    15 |   155 |   113 ||   283
         Permafrost Erupti |       |       |       |       |       |       |       |    69 |     6 ||    75
         Iskenderun's Myst |       |       |       |       |       |       |       |     4 |    15 ||    19
         Lesser Beckoning  |       |       |       |       |       |       |       |    11 |     1 ||    12
         Bombard           |       |       |       |       |       |       |       |     6 |     9 ||    15
         Malign Gateway    |       |       |       |       |       |       |       |     4 |    13 ||    17
         Apportation       |       |       |       |       |       |       |       |     1 |       ||     1
         Freezing Cloud    |       |       |       |       |       |       |       |       |    13 ||    13
         Blink             |       |       |       |       |       |       |       |       |     7 ||     7
 Invoke: Curse Item        |       |       |     2 |     2 |     3 |     3 |     1 |     3 |     1 ||    15
         Shatter the Chain |       |       |       |       |     1 |     3 |       |     2 |     1 ||     7
  Evoke: Wand              |       |       |       |     2 |     7 |     8 |     2 |     6 |     7 ||    32
         Phantom mirror    |       |       |       |       |       |       |       |       |     2 ||     2
    Use: Scroll            |       |     5 |     2 |     3 |     4 |     3 |    11 |     7 |    29 ||    64
         Potion            |       |       |     1 |     3 |     2 |     5 |       |       |    28 ||    39
   Stab: Distracted        |     2 |     2 |     2 |     3 |     5 |    13 |    14 |    19 |    18 ||    78
         Sleeping          |     2 |     6 |       |     1 |       |     3 |     3 |     5 |     1 ||    21
         Invisible         |       |       |       |       |       |     2 |       |       |       ||     2
 Armour: Robe              |    21 |    30 |    89 |   129 |    27 |       |       |       |       ||   296
         Troll leather arm |       |       |       |       |   151 |       |       |       |       ||   151
         Leather armour    |       |       |       |       |    56 |   341 |   321 |   286 |   494 ||  1498
  Dodge: Dodged            |    46 |    53 |   129 |   212 |   369 |   393 |   319 |   309 |   442 ||  2272
  Block: Buckler           |       |       |       |       |       |   180 |       |       |       ||   180
         Kite shield       |       |       |       |       |       |    34 |   342 |   310 |   423 ||  1109
         Reflection        |       |       |       |       |       |     3 |    51 |    12 |    15 ||    81

Table legend: (Time is in decaauts)
 A = Elapsed time spent in this place.
 B = Non-inter-level travel time spent in this place.
 C = Inter-level travel time spent in this place.
 D = Time resting spent in this place.
 E = Time spent auto-exploring this place.
 F = Levels seen in this place.
 G = Mean time per level.
                   A        B        C        D        E       F      G
               +--------+--------+--------+--------+--------+-----+--------+
         Total |  81690 |  70218 |  11472 |  19017 |  15184 |  61 | 1339.2 |
       Dungeon |  19225 |  14390 |   4835 |   2267 |   5137 |  15 | 1281.7 |
          Lair |   7296 |   6285 |   1011 |    647 |   1524 |   5 | 1459.2 |
         Swamp |   5235 |   4893 |    342 |   1160 |    964 |   4 | 1308.8 |
     Snake Pit |   6536 |   6066 |    470 |   2339 |    625 |   4 | 1634.0 |
    Slime Pits |   2423 |   2149 |    274 |    674 |      0 |   5 |  484.6 |
  Orcish Mines |   2634 |   1954 |    680 |    390 |    435 |   2 | 1317.0 |
   Elven Halls |   5805 |   4618 |   1187 |   1392 |   1461 |   3 | 1935.0 |
        Vaults |  11310 |  10346 |    964 |   3621 |   2114 |   5 | 2262.0 |
         Crypt |   3918 |   3710 |    208 |    981 |    993 |   3 | 1306.0 |
        Depths |   8018 |   6951 |   1067 |   2075 |   1455 |   4 | 2004.5 |
           Zot |   6773 |   6343 |    430 |   2659 |    303 |   5 | 1354.6 |
         Abyss |   1447 |   1447 |      0 |    467 |      0 |   4 |  361.8 |
        Wizlab |    963 |    963 |      0 |    343 |    172 |   1 |  963.0 |
      Gauntlet |    103 |    103 |      0 |      0 |      0 |   1 |  103.0 |
               +--------+--------+--------+--------+--------+-----+--------+

Top non-repeatable levels by time:
Vaults:1: 3048 daAuts
Vaults:2: 3019 daAuts
   Zot:5: 2789 daAuts
 Snake:2: 2683 daAuts
Vaults:4: 2609 daAuts
Vaults:3: 2431 daAuts
   Elf:3: 2429 daAuts
Depths:1: 2412 daAuts
Depths:2: 2249 daAuts
   Zot:4: 1989 daAuts
    D:13: 1930 daAuts
Depths:4: 1910 daAuts
   Elf:1: 1887 daAuts
     D:8: 1853 daAuts
  Lair:2: 1773 daAuts
